 Dungeon Crawl Stone Soup version 0.31-a0-986-g5e6e4ef867 (webtiles) character file.

Game seed: 9241234487272729372

228 FakeRyeBread the Trooper (level 6, -8/39 HPs)
             Began as a Gargoyle Fighter on Nov 8, 2023.
             Mangled by Prince Ribbit (12 damage)
             ... on level 5 of the Dungeon.
             The game lasted 00:06:55 (2663 turns).

FakeRyeBread the Trooper (Gargoyle Fighter)         Turns: 2663, Time: 00:06:56

Health: -8/39      AC: 13    Str: 22    XL:     6   Next: 2%
Magic:  6/6        EV:  8    Int:  8    God:
Gold:   123        SH:  4    Dex:  9    Spells: 5/5 levels left

rFire   . . .        a - +0 flail (heavy)
rCold   . . .        c - +0 buckler
rNeg    + . .        h - +0 chain mail
rPois   ∞            (no helmet)
rElec   +            (no cloak)
rCorr   .            (no gloves)
SInv    .            (no boots)
Will    .....        (no amulet) Stlth
                     (no ring)
HPRegen 0.26/turn    (no ring)
MPRegen 0.10/turn

%: no passive effects
@: no status effects
A: sickness immunity, AC +4, negative energy resistance 1, electricity
resistance, torment resistance 1, petrification resistance
a: no special abilities


You were on level 5 of the Dungeon.
You visited 1 branch of the dungeon, and saw 5 of its levels.

You collected 123 gold pieces.

Inventory:

Hand Weapons
 a - a +0 heavy flail (weapon)
Armour
 c - a +0 buckler (worn)
 h - a +0 chain mail (worn)
Jewellery
 e - an amulet of faith
Wands
 m - a wand of polymorph (2)
Scrolls
 f - a scroll of revelation
 j - 2 scrolls of teleportation
 k - 2 scrolls of enchant armour {unknown}
Potions
 b - 3 potions of haste
 d - a potion of might
 g - a potion of lignification
 i - a potion of mutation
 l - a potion of magic
 o - a potion of invisibility {unknown}


   Skills:
 + Level 4.3 Fighting
 * Level 4.0 Maces & Flails
 + Level 4.3 Armour
 + Level 4.3 Shields


You had 5 spell levels left.
You didn't know any spells.
Your spell library contained the following spells:

 Spells                   Type           Power      Damage    Failure   Level
 Apportation              Tloc           0%         N/A       97%         1
 Foxfire                  Conj/Fire      0%         2x1d4     97%         1
 Sandblast                Erth           0%         2d4       97%         1
 Stone Arrow              Conj/Erth      0%         3d7       100%        3
 Animate Armour           Summ/Erth      0%         N/A       100%        4
 Dispel Undead            Necr           0%         3d6       100%        4
 Death Channel            Necr           0%         N/A       100%        6
 Lehudib's Crystal Spear  Conj/Erth      0%         10d2      100%        8
 Cigotuvi's Dreadful Rot  Necr/Pois/Air  Unusable   N/A       N/A         2

Dungeon Overview and Level Annotations

Branches:
Dungeon (5/15)
 Temple: D:4-7

Altars:
Dithmenos
Kikubaaqudgha

Annotations:
D:5 Prince Ribbit


Innate Abilities, Weirdness & Mutations

You are immune to sickness and miasma.
Your stone body is resilient. (AC +4)
You are immune to poison.
You resist negative energy. (rN+)
You are resistant to electric shocks. (rElec)
You are resistant to unholy torment.
You are immune to petrification.


Message History

Prince Ribbit is nearby!
Prince Ribbit lets out a mournful croak.
Prince Ribbit croaks regally.
An ogre comes into view. It is wielding a +0 giant club.
Prince Ribbit hops awkwardly around.
Prince Ribbit hits you!
Prince Ribbit attacks as he pursues you!
You block Prince Ribbit's attack.
Prince Ribbit hits you but does no damage.
Prince Ribbit croaks regally.
Prince Ribbit attacks as he pursues you!
Prince Ribbit barely misses you. Prince Ribbit hits you!
Prince Ribbit attacks as he pursues you!
Prince Ribbit hits you but does no damage.
Prince Ribbit blinks!
The sentinel's mark upon you fades away.
Prince Ribbit blinks!
A gnoll comes into view. It is wielding a +0 club.
The gnoll shouts!
You bludgeon the gnoll!!
You kill the gnoll!
The ogre barely misses you.
Prince Ribbit blinks!
You have reached level 6!
The ogre attacks as it pursues you! The ogre completely misses you.
Things that are here:
a +0 club; 7 gold pieces Prince Ribbit lets out a mournful croak.
There is an open door here.
The ogre attacks as it pursues you!
The ogre hits you with a +0 giant club!!
Ouch! That really hurt!
* * * LOW HITPOINT WARNING * * *
Prince Ribbit blinks!
A gnoll sergeant comes into view. It is wielding a +0 spear.
Prince Ribbit blinks!
The gnoll sergeant hits you from afar with a +0 spear.
* * * LOW HITPOINT WARNING * * *
Found a stone staircase leading down.
Prince Ribbit hits you!
You die...

#####.##### #>..
#..F......##### ...
...###.#........ #..
#.#.#.####. #.. #.#.#.##
#. ##..### #.#.#..# #.
##..... ..#.##.# #.
##.....## ###.##.# #.
##.....@.## ##..##.###.
###......F..####..........
.'......O..g.............
#.........####...#...###
##.......## ##..##.## #
##.....## ##.#### #
##...## #.# # ##'## #.# #
#.# #.# #


You could see Prince Ribbit, an ogre and a gnoll sergeant.

Vanquished Creatures
  A jelly (D:5)
  Ijyb (D:3)
  Natasha (thrice) (D:2)
  A gnoll (D:5)
  An adder (D:2)
  2 ufetubi (D:5)
  A worm (D:3)
  3 dart slugs
  6 bats
  2 endoplasms
  A giant cockroach (D:3)
  3 goblins
  5 hobgoblins
  7 jackals
  4 kobolds
  2 quokkas
  9 ball pythons
  7 frilled lizards
  3 rats
62 creatures vanquished.

Vanquished Creatures (others)
  A human (D:3)
1 creature vanquished.

Grand Total: 63 creatures vanquished

Notes
Turn   | Place    | Note
-------+----------+-------------------------------------------
     0 | D:1      | FakeRyeBread the Gargoyle Fighter began the quest for the
                  | Orb.
     0 | D:1      | Reached XP level 1. HP: 14/14 MP: 1/1
    67 | D:1      | Got Amegeq's Starting Wizarding
   201 | D:1      | Reached XP level 2. HP: 19/19 MP: 2/2
   985 | D:2      | Reached XP level 3. HP: 23/23 MP: 3/3
  1316 | D:2      | Noticed Natasha
  1321 | D:2      | Killed Natasha
  1322 | D:2      | Reached XP level 4. HP: 26/29 MP: 4/4
  1342 | D:2      | Found a shadowy altar of Dithmenos.
  1437 | D:2      | Noticed Natasha
  1448 | D:2      | Killed Natasha
  1550 | D:2      | Noticed Natasha
  1563 | D:2      | Killed Natasha
  1564 | D:2      | Reached XP level 5. HP: 21/33 MP: 5/5
  2214 | D:3      | Noticed Ijyb
  2357 | D:3      | Killed Ijyb
  2388 | D:3      | Found an ancient bone altar of Kikubaaqudgha.
  2389 | D:3      | Noticed a human
  2393 | D:3      | Killed a human
  2438 | D:4      | You fall into a shaft and drop 1 floor!
  2438 | D:5      | Entered Level 5 of the Dungeon
  2615 | D:5      | Noticed Prince Ribbit
  2623 | D:5      | Noticed an ogre
  2644 | D:5      | Reached XP level 6. HP: 25/39 MP: 6/6
  2663 | D:5      | Mangled by Prince Ribbit

Illustrated notes

Levels and vault maps discovered:
D:1:      heliophobic_arrival_dark_side_of_the_moon, layout_basic,
          columned_hall_lemuel
D:2:      layout_loops_ring, basic_altar, minivault_27, uniq_natasha
D:3:      layout_basic, tgw_kikubaaqudgha, uniq_ijyb
D:4:      layout_loops_ring, mainiacjoe_overflow_paths, uniq_blork_the_orc,
          uniq_grinder
D:5:      layout_loops_corners, uniq_prince_ribbit1

Skill      XL: |  1  2  3  4  5 |
---------------+----------------+-----
Maces & Flails | 3 4 |  4.0
Fighting       | 4 |  4.3
Armour         | 4 |  4.3
Shields        | 4 |  4.3

Action                     |  1- 3 |  4- 6 || total
---------------------------+-------+-------++-------
  Melee: Flail             |   136 |    81 ||   217
         Unarmed           |       |    12 ||    12
    Use: Scroll            |       |    11 ||    11
 Armour: Scale mail        |     7 |       ||     7
         Chain mail        |   115 |    75 ||   190
         Skin              |       |     4 ||     4
  Dodge: Dodged            |    73 |    45 ||   118
  Block: Buckler           |    37 |    24 ||    61

Table legend: (Time is in decaauts)
 A = Elapsed time spent in this place.
 B = Non-inter-level travel time spent in this place.
 C = Inter-level travel time spent in this place.
 D = Time resting spent in this place.
 E = Time spent auto-exploring this place.
 F = Levels seen in this place.
 G = Mean time per level.
                   A        B        C        D        E       F      G
               +--------+--------+--------+--------+--------+-----+--------+
         Total |   2767 |   2437 |    330 |    183 |   1529 |   5 |  553.4 |
       Dungeon |   2767 |   2437 |    330 |    183 |   1529 |   5 |  553.4 |
               +--------+--------+--------+--------+--------+-----+--------+

Top non-repeatable levels by time:
     D:1: 988 daAuts
     D:2: 882 daAuts
     D:3: 653 daAuts
     D:5: 233 daAuts
     D:4: 9 daAuts
